 Dungeon Crawl Stone Soup version 0.29.1-1-gd02db6906a (webtiles) character file.

Game seed: 15516796056001656205

1152 tardwrangler69 the Digger (level 8, 0/46 HPs)
             Began as an Octopode Earth Elementalist on Oct 5, 2022.
             Was an Initiate of Vehumet.
             Engulfed by a steam dragon's steam (15 damage)
             ... on level 6 of the Dungeon.
             The game lasted 00:05:57 (5758 turns).

tardwrangler69 the Digger (OpEE)                    Turns: 5758, Time: 00:05:58

Health: 0/46       AC:  2    Str:  7      XL:     8   Next: 38%
Magic:  13/17      EV: 17    Int: 19 (20) God:    Vehumet [......]
Gold:   220        SH:  0    Dex:  8 (10) Spells: 19/20 levels left

rFire   . . .      SeeInvis .   h - staff of poison
rCold   . . .      Faith    .   (no shield)
rNeg    + . .      Spirit   .   i - +1 hat
rPois   +          Reflect  .   (no amulet)
rElec   .          Harm     .   y - +4 ring of evasion
rCorr   .          Rampage  .   u - ring of positive energy
Will    .....                   (no ring)
Stlth   +++.......              (no ring)
HPRegen 0.15/turn               (no ring)
MPRegen 0.15/turn               (no ring)
                                (no ring)
                                (no ring)

@: unable to read
A: almost no armour, amphibious, 8 rings, camouflage 1, gelatinous body 1,
(nimble swimmer 1), tentacles, clumsy 1, inability to read after injury 1
a: Renounce Religion


You were on level 6 of the Dungeon.
You worshipped Vehumet.
Vehumet was noncommittal.
You visited 2 branches of the dungeon, and saw 7 of its levels.

You collected 220 gold pieces.

Inventory:

Armour
 i - a +1 hat (worn)
Magical Staves
 h - a staff of poison (weapon)
Jewellery
 u - a ring of positive energy (right tentacle)
 y - a +4 ring of evasion (left tentacle)
Wands
 w - a wand of iceblast (7)
 x - a wand of charming (1)
Scrolls
 b - a scroll of noise {unknown}
 c - a scroll of blinking {unknown}
 f - a scroll of immolation {unknown}
 j - a scroll of acquirement {unknown}
 m - a scroll of fear {unknown}
 o - a scroll of vulnerability {unknown}
 p - a scroll of silence {unknown}
 q - a scroll of amnesia {unknown}
 r - a scroll of magic mapping {unknown}
 s - a scroll of enchant weapon {unknown}
 v - a scroll of identify {unknown}
Potions
 a - a potion of magic
 d - a potion of brilliance
 e - a potion of flight {unknown}
 g - a potion of cancellation {unknown}
 k - a potion of invisibility {unknown}
 l - a potion of degeneration
 t - a potion of curing


   Skills:
 - Level 2.0 Dodging
 - Level 2.6 Stealth
 + Level 6.5 Spellcasting
 - Level 1.0 Transmutations
 + Level 7.5 Earth Magic


You had 19 spell levels left.
You knew the following spells:

 Your Spells              Type           Power      Damage    Failure   Level
a - Sandblast             Erth           68%        2d15      1%          1

Your spell library contained the following spells:

 Spells                   Type           Power      Damage    Failure   Level
 Passwall                 Tmut/Erth      18%        N/A       2%          2
 Stone Arrow              Conj/Erth      40%        3d9       7%          3
 Petrify                  Tmut/Erth      22%        N/A       19%         4


Dungeon Overview and Level Annotations

Branches:
Dungeon (6/15)             Temple (1/1) D:5

Altars:
Ashenzari
Cheibriados
Dithmenos
Elyvilon
Fedhas
Kikubaaqudgha
Makhleb
Nemelex Xobeh
Qazlal
Ru
Sif Muna
Trog
Vehumet
Wu Jian
Xom
Yredelemnul
The Shining One

Annotations:
D:3 1 runed translucent door, Crazy Yiuf


Innate Abilities, Weirdness & Mutations

You cannot wear most types of armour.
You are amphibious.
You can wear up to eight rings at the same time.
Your skin changes colour to match your surroundings (Stealth+).
Your rubbery body absorbs attacks. (AC +1, EV +1)
((You are camouflaged when in or above water. (Stealth+)))
You have tentacles for arms and can constrict up to eight enemies at once.
You are clumsy. (Dex -2)
You occasionally lose the ability to read scrolls when taking damage.


Message History

The steam dragon hisses angrily.
The steam dragon misses you. The steam dragon claws you.
Casting: Sandblast (safe; 1% risk of failure)
Confirm with . or Enter, or press ? or * to list all spells.
Aiming: Sandblast (safe; 1% risk of failure)
Press: ? - help, Shift-Dir - straight line, f - steam dragon
Aim: a steam dragon (84% to hit)
The blast of sand misses the steam dragon.
The steam dragon barely misses you. The steam dragon claws you.
The steam dragon breathes steam at you. The ball of steam misses you.
You hear a croak.
Casting: Sandblast (safe; 1% risk of failure)
Confirm with . or Enter, or press ? or * to list all spells.
Aiming: Sandblast (safe; 1% risk of failure)
Press: ? - help, Shift-Dir - straight line, f/p - steam dragon
Aim: a steam dragon (catching its breath, 84% to hit)
The blast of sand misses the steam dragon.
You are engulfed in a cloud of scalding steam.
The steam dragon bites you. The steam dragon barely misses you.
Casting: Sandblast (safe; 1% risk of failure)
Confirm with . or Enter, or press ? or * to list all spells.
Aiming: Sandblast (safe; 1% risk of failure)
Press: ? - help, Shift-Dir - straight line, f/p - steam dragon
Aim: a steam dragon (catching its breath, 84% to hit)
The blast of sand hits the steam dragon!
The steam dragon is heavily wounded.
You are engulfed in a cloud of scalding steam.
You feel threatened and lose the ability to read scrolls!
The steam dragon completely misses you. The steam dragon claws you.
The steam dragon closely misses you. The steam dragon completely misses you.
Casting: Sandblast (safe; 1% risk of failure)
Confirm with . or Enter, or press ? or * to list all spells.
Aiming: Sandblast (safe; 1% risk of failure)
Press: ? - help, Shift-Dir - straight line, f/p - steam dragon
Aim: a steam dragon (heavily wounded, catching its breath, 84% to hit)
The blast of sand hits the steam dragon!
The steam dragon is almost dead.
You are engulfed in a cloud of scalding steam.
You die...

.........#
.#...#...##
######...#
#...#.##
###.#..#
#.....#
#[..#...#
##.###.ยง#
###D@.##
###.# ..#
.## ##


You could see a steam dragon (catching breath).

Vanquished Creatures
  Edmund (D:5)
  A black bear (D:5)
  2 ice beasts (D:5)
  2 phantoms (D:6)
  A centaur (D:5)
  2 scorpions
  A howler monkey (D:5)
  2 hounds
  3 orc priests
  2 iguanas (D:5)
  2 orc wizards (D:3)
  6 adders
  An ufetubus (D:5)
  A worm (D:2)
  4 dart slugs
  12 orcs
  8 ball pythons
  4 bats
  2 endoplasms
  4 giant cockroaches
  8 hobgoblins
  5 kobolds
  2 quokkas
  2 frilled lizards (D:2)
  5 goblins
  4 rats
87 creatures vanquished.

Notes
Turn   | Place    | Note
-------+----------+-------------------------------------------
     0 | D:1      | tardwrangler69 the Octopode Earth Elementalist began the
                  | quest for the Orb.
     0 | D:1      | Reached XP level 1. HP: 11/11 MP: 3/3
    96 | D:1      | Reached XP level 2. HP: 17/17 MP: 1/5
   740 | D:1      | Found a faded altar of an unknown god.
  1068 | D:2      | Reached XP level 3. HP: 21/21 MP: 4/7
  1581 | D:2      | Reached skill level 4 in Earth Magic
  1581 | D:2      | Reached XP level 4. HP: 27/27 MP: 5/8
  2074 | D:3      | Reached XP level 5. HP: 31/31 MP: 7/10
  2317 | D:3      | Reached skill level 5 in Earth Magic
  2366 | D:3      | Reached XP level 6. HP: 31/36 MP: 7/12
  2789 | D:3      | Found a runed translucent door.
  2790 | D:3      | Noticed Crazy Yiuf
  3617 | D:4      | Found a bloodstained altar of Trog.
  3618 | D:4      | Found a basalt altar of Yredelemnul.
  3619 | D:4      | Found a burning altar of Makhleb.
  3620 | D:4      | Found a shadowy altar of Dithmenos.
  3650 | D:4      | Found a stormy altar of Qazlal.
  3661 | D:4      | Found a sacrificial altar of Ru.
  3684 | D:4      | Found a white marble altar of Elyvilon.
  4023 | D:4      | Found an ancient bone altar of Kikubaaqudgha.
  4023 | D:4      | Found a glowing golden altar of the Shining One.
  4121 | D:5      | Entered Level 5 of the Dungeon
  4175 | D:5      | Found a staircase to the Ecumenical Temple.
  4175 | D:5      | Noticed an ice beast
  4192 | D:5      | Killed an ice beast
  4193 | D:5      | Reached XP level 7. HP: 35/41 MP: 8/14
  4195 | D:5      | Reached skill level 5 in Spellcasting
  4195 | D:5      | Reached skill level 6 in Earth Magic
  4199 | Temple   | Entered the Ecumenical Temple
  4280 | Temple   | Became a worshipper of Vehumet
  4790 | D:5      | Noticed Edmund
  4814 | D:5      | Gained mutation: You are robust. (+10% HP) [potion of
                  | mutation]
  4814 | D:5      | Gained mutation: Your magical capacity is low. (-10% MP)
                  | [potion of mutation]
  5268 | D:5      | Killed Edmund
  5269 | D:5      | Reached skill level 7 in Earth Magic
  5269 | D:5      | Reached XP level 8. HP: 12/50 MP: 7/15
  5529 | D:5      | Lost mutation: You are robust. (+10% HP) [potion of
                  | mutation]
  5529 | D:5      | Lost mutation: Your magical capacity is low. (-10% MP)
                  | [potion of mutation]
  5529 | D:5      | Gained mutation: You are clumsy. (Dex -2) [potion of
                  | mutation]
  5529 | D:5      | Gained mutation: You occasionally lose the ability to read
                  | scrolls when taking damage. [potion of mutation]
  5758 | D:6      | Engulfed by a steam dragon's steam

Illustrated notes

Levels and vault maps discovered:
D:1:      dpeg_arrival_tiny_h, layout_loops_ring, ebering_ecumenical_altar_box,
          minivault_27
D:2:      layout_loops_cross, minivault_4, minmay_misc_feat_iff
D:3:      layout_basic, uniq_crazy_yiuf_cottage
D:4:      layout_loops_corners, grunt_temple_overflow_octagram,
          gammafunk_temple_overflow_wave
D:5:      layout_loops_cross, minmay_temple_entry_slanted, uniq_edmund
D:6:      nicolae_cairo_tiling, layout_gridville,
          mainiacjoe_overflow_tiny_flanked, minmay_crystal_room, minmay_between,
          uniq_pikel
Temple:   hellmonk_temple_micro_hex

Skill      XL: |  1  2  3  4  5  6  7 |
---------------+----------------------+-----
Spellcasting   | 3 4 6 |  6.5
Earth Magic    | 4 5 7 |  7.5
Dodging        | |  2.0
Stealth        | |  2.6
Transmutations | |  1.0

Action                   |  1- 3 |  4- 6 |  7- 9 || total
-------------------------+-------+-------+-------++-------
Melee: Unarmed           |     8 |       |       ||     8
       Tentacles         |     4 |       |       ||     4
       Constrict         |     5 |       |       ||     5
 Cast: Sandblast         |    41 |    61 |    53 ||   155
  Use: Potion            |       |       |     8 ||     8
 Stab: Sleeping          |     1 |       |       ||     1
Armor: Skin              |     6 |     8 |     5 ||    19
Dodge: Dodged            |    13 |    21 |    38 ||    72
